 Dungeon Crawl Stone Soup version 0.18.1-47-g9310371 (console) character file.

2747 Kloppie the Basher (level 9, -1/85 HPs)
             Began as a Minotaur Berserker on June 22, 2016.
             Was an Elder of Trog.
             Killed from afar by an orc wizard (5 damage)
             ... with a magic dart
             ... on level 8 of the Dungeon.
             The game lasted 00:09:11 (6802 turns).

Kloppie the Basher (Minotaur Berserker)             Turns: 6802, Time: 00:09:12

Health: -1/85      AC:  8    Str: 22    XL:     9   Next: 41%
Magic:  8/8        EV: 12    Int:  4    God:    Trog [****..]
Gold:   443        SH:  0    Dex: 13    Spells: 0 memorised, 8 levels left

rFire  . . .     SeeInvis .     a - +0 flail
rCold  . . .     Gourm    .     z - +1 robe of Rirph {rPois rN+ rCorr}
rNeg   + + .     Faith    .     (no shield)
rPois  +         Spirit   .     (helmet restricted)
rElec  .         Dismiss  .     y - +0 cloak
rCorr  +         Reflect  .     w - +0 pair of gloves
SustAt .         Harm     .     (no boots)
MR     ++...                    (no amulet)
Stlth  +.........               x - ring of positive energy
                                s - +3 ring of protection

@: regenerating, very resistant to hostile enchantments, very unstealthy
A: retaliatory headbutt, horns 2
a: Berserk, Trog's Hand, Brothers in Arms, Burn Spellbooks, Renounce Religion


You were on level 8 of the Dungeon.
You worshipped Trog.
Trog was greatly pleased with you.
You were very hungry.

You visited 1 branch of the dungeon, and saw 8 of its levels.

You collected 443 gold pieces.

Inventory:

Hand Weapons
 a - a +0 flail (weapon)
 r - a +0 mace
Missiles
 u - 3 throwing nets (quivered)
Armour
 l - a +0 scale mail
 w - a +0 pair of gloves (worn)
 y - a +0 cloak (worn)
 z - the +1 robe of Rirph (worn) {rPois rN+ rCorr}
   (You found it on level 6 of the Dungeon)

   It protects you from poison.
   It protects you from negative energy.
   It protects you from acid and corrosion.
Jewellery
 m - an uncursed ring of flight
 s - a +3 ring of protection (left hand)
 x - a ring of positive energy (right hand)
Wands
 k - a wand of iceblast (12/15)
Scrolls
 e - 2 scrolls of remove curse
 i - 2 scrolls of teleportation
 v - 3 scrolls of recharging
Potions
 d - a potion of brilliance {unknown}
 h - 2 potions of cancellation
 j - 2 potions of curing
 n - a potion of resistance {unknown}
 p - a potion of might {unknown}
 t - a potion of haste {unknown}
Comestibles
 c - 5 bread rations
 f - 3 slices of pizza
 g - 3 beef jerkies
 o - 6 meat rations
 q - 7 fruits


   Skills:
 * Level 10.0 Fighting
 + Level 14.9 Maces & Flails
 - Level 2.4 Armour
 - Level 2.1 Dodging


You had 8 spell levels left.
You didn't know any spells.

Dungeon Overview and Level Annotations

Branches:
Dungeon (8/15)             Temple (0/1) D:7
   Lair: D:8-11

Altars:
Cheibriados
Fedhas
Kikubaaqudgha
Qazlal
Trog
Vehumet
Yredelemnul
The Shining One


Innate Abilities, Weirdness & Mutations

You reflexively headbutt those who attack you in melee.
You have a pair of horns on your head.


Message History

A puff of flame appears from out of thin air!
The puff of flame misses you. The orc wizard misses you.
You furiously retaliate!
You headbutt the orc wizard, but do no damage.
The orc priest hits you with a trident!
* * * LOW HITPOINT WARNING * * *
Something hits you.
* * * LOW HITPOINT WARNING * * *
You hit the orc priest. Your headbutt misses the orc priest.
The orc priest is almost dead.
Something hits you but does no damage. The orc wizard casts a spell at you.
The magic dart hits you!
You hit the orc priest but do no damage.
The orc priest is almost dead.
The orc priest closely misses you.
You hear some strange, mumbled words.
A magic dart appears from out of thin air!
The magic dart hits you!
You die...

# #.# ..? #.#. ...
#... .... ..... .....
#..###########.....
####...)..?..........#
.......<###...)†.....#
............ho@o......
.$.......##...{......#
.........##..........#
......$..##########..#
.?(......# .#
.......... .
........##


You could see a hound, an orc priest and an orc wizard.

Vanquished Creatures
  A two-headed ogre (D:8)
  A hippogriff (D:4)
  A water moccasin (D:7)
  Duvessa (D:7)
  An orc warrior (D:7)
  A sky beast (D:6)
  A black bear (D:5)
  An eye of draining (D:6)
  A phantom (D:5)
  5 ogres
  A gnoll sergeant (D:5)
  Dowan (D:7)
  2 howler monkeys
  3 crimson imps
  2 centaur zombies
  Crazy Yiuf (D:7)
  3 hounds
  An orc priest (D:5)
  8 orc wizards
  A giant frog skeleton (D:6)
  4 iguanas
  5 worker ants
  9 gnolls
  A howler monkey skeleton (D:5)
  4 adders
  2 oozes
  3 worms
  3 dart slugs
  4 giant geckos
  18 orcs
  6 bats
  8 giant cockroaches
  8 goblins
  5 hobgoblins
  5 jackals
  4 kobolds
  2 quokkas
  A ball python (D:3)
  A giant gecko skeleton (D:5)
  3 giant newts
  7 rats
140 creatures vanquished.

Notes
Turn   | Place    | Note
--------------------------------------------------------------
     0 | D:1      | Kloppie the Minotaur Berserker began the quest for the Orb.
     0 | D:1      | Reached XP level 1. HP: 19/19 MP: 0/0
   104 | D:1      | Reached skill level 4 in Maces & Flails
   158 | D:1      | Reached XP level 2. HP: 27/27 MP: 1/1
   447 | D:1      | Reached XP level 3. HP: 29/33 MP: 2/2
   690 | D:2      | Reached ** piety under Trog
   740 | D:2      | Reached skill level 5 in Maces & Flails
   808 | D:2      | Found a stormy altar of Qazlal.
  1031 | D:2      | Reached XP level 4. HP: 23/40 MP: 3/3
  1418 | D:2      | Found a snail-covered altar of Cheibriados.
  1634 | D:2      | Reached skill level 6 in Maces & Flails
  1681 | D:2      | Reached skill level 13 in Maces & Flails
  1681 | D:2      | Reached XP level 5. HP: 47/47 MP: 4/4
  1913 | D:3      | Reached *** piety under Trog
  1915 | D:3      | Reached skill level 14 in Maces & Flails
  2182 | D:3      | Reached XP level 6. HP: 50/53 MP: 5/5
  2410 | D:4      | Reached skill level 5 in Fighting
  2427 | D:4      | Noticed a hippogriff
  2442 | D:4      | Killed a hippogriff
  2718 | D:4      | Reached XP level 7. HP: 36/62 MP: 6/6
  2922 | D:4      | Found a glowing golden altar of the Shining One.
  3101 | D:4      | Found a blossoming altar of Fedhas.
  3348 | D:4      | Found an ancient bone altar of Kikubaaqudgha.
  3413 | D:5      | Entered Level 5 of the Dungeon
  3869 | D:5      | Reached **** piety under Trog
  3943 | D:5      | Found a bloodstained altar of Trog.
  3960 | D:5      | Reached XP level 8. HP: 70/73 MP: 7/7
  4360 | D:5      | Found a basalt altar of Yredelemnul.
  5099 | D:6      | Got a warped robe
  5122 | D:6      | Identified the +1 robe of Rirph {rPois rN+ rCorr} (You found it on level 6 of the Dungeon)
  5436 | D:7      | Found a radiant altar of Vehumet.
  5464 | D:7      | Noticed Dowan
  5465 | D:7      | Noticed Duvessa
  5476 | D:7      | Killed Duvessa
  5481 | D:7      | Killed Dowan
  5483 | D:7      | Reached XP level 9. HP: 69/83 MP: 8/8
  5986 | D:7      | Found a staircase to the Ecumenical Temple.
  6019 | D:7      | Noticed Crazy Yiuf
  6026 | D:7      | Killed Crazy Yiuf
  6796 | D:8      | Reached skill level 10 in Fighting
  6800 | D:8      | HP: 2/85 [something (3)]
  6802 | D:8      | Killed from afar by an orc wizard

Skill      XL: |  1  2  3  4  5  6  7  8  9 |
---------------+----------------------------+-----
Maces & Flails | 4 5 13 14 | 14.9
Fighting       | 4 5 7 9 10 | 10.0
Armour         | |  2.4
Dodging        | |  2.1

Action                   |  1- 3 |  4- 6 |  7- 9 || total
-------------------------+-------+-------+-------++-------
Melee: Mace              |    59 |   110 |    28 ||   197
       Headbutt          |     9 |    21 |    64 ||    94
       Flail             |       |       |   198 ||   198
Invok: Berserk           |       |     2 |     1 ||     3
       Trog's Hand       |       |     1 |     3 ||     4
  Use: Scroll            |       |     3 |    11 ||    14
       Potion            |       |     1 |       ||     1
  Eat: Chunk             |       |     8 |    13 ||    21
Armor: Ring mail         |    18 |       |       ||    18
       Scale mail        |     1 |    32 |    25 ||    58
       Robe              |       |       |    26 ||    26
Dodge: Dodged            |    41 |    45 |    92 ||   178
